 Dungeon Crawl Stone Soup version 0.29-a0-483-g69413ace17 (webtiles) character file.

Game seed: 491591638167874548

218096 NateTC the Warrior (level 18, -3/178 HPs)
             Began as a Hill Orc Fighter on May 24, 2022.
             Was the Champion of Beogh.
             Collided with an orc warrior (12 damage)
             ... caused by a deep elf knight
             ... on level 2 of the Elven Halls on May 26, 2022.
             The game lasted 02:40:14 (40758 turns).

NateTC the Warrior (Hill Orc Fighter)              Turns: 40758, Time: 02:40:15

Health: -3/178     AC: 38    Str: 34    XL:     18   Next: 60%
Magic:  26/26      EV:  8    Int:  8    God:    Beogh [******]
Gold:   842        SH: 19    Dex: 10    Spells: 17/17 levels left

rFire   + . .      SeeInvis +   a - +4 broad axe (freeze)
rCold   . . .      Faith    .   z - +2 kite shield "Noatieti" {Str+7}
rNeg    . . .      Spirit   .   A - +7 plate armour
rPois   +          Reflect  +   R - +0 helmet
rElec   .          Harm     .   d - +2 cloak {rPois}
rCorr   .          Rampage  .   c - +2 pair of gloves {Stlth+}
Will    +++..                   W - +2 pair of boots
Stlth   ..........              x - amulet of reflection
HPRegen 0.39/turn               V - ring of Sesouhu {rPois rF+ Str+4 SInv}
MPRegen 0.20/turn               k - ring of Xom's Full Attention {rPois Will++ Str-4}

@: no status effects
A: walk on water
}: 2/15 runes: decaying, gossamer
a: Renounce Religion, Smiting, Recall Orcish Followers, Give Item to Named
Follower, Resurrection


You were on level 2 of the Elven Halls.
You worshipped Beogh.
Beogh was exalted by your worship.
You visited 7 branches of the dungeon, and saw 33 of its levels.

You collected 3140 gold pieces.
You spent 2298 gold pieces at shops.

Inventory:

Hand Weapons
 a - a +4 broad axe of freezing (weapon)
 b - a +0 morningstar of holy wrath
Armour
 c - a +2 pair of gloves of stealth (worn)
 d - a +2 cloak of poison resistance (worn)
 z - the +2 kite shield "Noatieti" (worn) {Str+7}
   (You bought it in a shop on level 14 of the Dungeon)

   Str:       It affects your strength (+7).
 A - a +7 plate armour (worn)
 R - a +0 helmet (worn)
 W - a +2 pair of boots (worn)
Jewellery
 k - the ring of Xom's Full Attention (right hand) {rPois Will++ Str-4}
   (You found it on level 12 of the Dungeon)

   [ring of poison resistance]

   Str:       It affects your strength (-4).
   rPois:     It protects you from poison.
   Will:      It greatly increases your willpower.
 o - a ring of resist corrosion
 x - an amulet of reflection (around neck)
 Q - a +4 ring of evasion
 T - a +4 ring of protection
 V - the ring of Sesouhu (left hand) {rPois rF+ Str+4 SInv}
   (You took it off a kobold demonologist on level 11 of the Dungeon)

   [ring of protection from fire]

   Str:       It affects your strength (+4).
   rF:        It protects you from fire.
   rPois:     It protects you from poison.
   SInv:      It lets you see invisible.
 Y - a ring of protection from cold
Wands
 r - a wand of iceblast (37)
 w - a wand of mindburst (43)
 y - a wand of acid (7)
 F - a wand of flame (75)
 G - a wand of polymorph (5)
 N - a wand of paralysis (3)
 O - a wand of charming (14)
 Z - a wand of digging (17)
Scrolls
 i - 5 scrolls of blinking
 q - 4 scrolls of magic mapping
 v - 14 scrolls of teleportation
 B - 4 scrolls of fear
 D - 7 scrolls of immolation
 E - a scroll of enchant armour
 H - 2 scrolls of amnesia
 I - 10 scrolls of identify
 M - 5 scrolls of poison
 P - 3 scrolls of fog
Potions
 e - 2 potions of magic
 f - 3 potions of berserk rage
 g - 12 potions of ambrosia
 h - 4 potions of attraction
 j - 6 potions of haste
 l - 5 potions of resistance
 m - 11 potions of lignification
 p - 13 potions of curing
 s - 10 potions of might
 t - 6 potions of heal wounds
 u - 6 potions of mutation
 C - 5 potions of brilliance
 L - 2 potions of flight
Miscellaneous
 n - a phial of floods
 J - a condenser vane
 K - a phantom mirror
 U - a box of beasts
 X - a lightning rod (4/4)


   Skills:
 - Level 20.0 Fighting
 - Level 18.0 Axes
 - Level 3.2 Throwing
 - Level 18.0 Armour
 - Level 15.5 Shields
 + Level 11.7 Invocations
 + Level 10.7 Evocations


You had 17 spell levels left.
You didn't know any spells.
Your spell library contained the following spells:

 Spells                   Type           Power      Damage    Failure   Level
 Apportation              Tloc           0%         N/A       96%         1
 Beastly Appendage        Tmut           0%         N/A       96%         1
 Freeze                   Ice            0%         1d3       96%         1
 Magic Dart               Conj           0%         1d3       96%         1
 Necrotize                Necr           0%         1d4       96%         1
 Shock                    Conj/Air       0%         1d3       96%         1
 Sting                    Tmut/Pois      0%         1d3       96%         1
 Summon Small Mammal      Summ           0%         N/A       96%         1
 Blink                    Tloc           0%         N/A       99%         2
 Ensorcelled Hibernation  Hex/Ice        0%         N/A       99%         2
 Passwall                 Tmut/Erth      0%         N/A       99%         2
 Poisonous Vapours        Pois/Air       0%         N/A       99%         2
 Searing Ray              Conj           0%         2d4       99%         2
 Static Discharge         Conj/Air       0%         N/A       99%         2
 Sublimation of Blood     Necr           0%         N/A       99%         2
 Conjure Flame            Conj/Fire      0%         6-21      100%        3
 Dazzling Flash           Conj/Hex       0%         N/A       100%        3
 Ignite Poison            Fire/Tmut/Pois 0%         N/A       100%        3
 Lesser Beckoning         Tloc           0%         N/A       100%        3
 Mephitic Cloud           Conj/Pois/Air  0%         N/A       100%        3
 Spider Form              Tmut/Pois      0%         N/A       100%        3
 Summon Guardian Golem    Hex/Summ       0%         N/A       100%        3
 Teleport Other           Tloc           0%         N/A       100%        3
 Tukima's Dance           Hex            0%         N/A       100%        3
 Anguish                  Hex/Necr       0%         N/A       100%        4
 Corpse Rot               Necr/Pois/Air  0%         N/A       100%        4
 Fulminant Prism          Conj/Hex       0%         3d6       100%        4
 Iskenderun's Mystic Bla  Conj/Tloc      0%         2d3       100%        4
 Passage of Golubria      Tloc           0%         N/A       100%        4
 Petrify                  Tmut/Erth      0%         N/A       100%        4
 Agony                    Necr           0%         N/A       100%        5
 Alistair's Intoxication  Tmut/Pois      0%         N/A       100%        5
 Fireball                 Conj/Fire      0%         3d3       100%        5
 Irradiate                Conj/Tmut      0%         3d13      100%        5
 Lee's Rapid Deconstruct  Erth           0%         3d5*      100%        5
 Lightning Bolt           Conj/Air       0%         1d11      100%        5
 Manifold Assault         Tloc           0%         N/A       100%        5
 Silence                  Hex/Air        0%         N/A       100%        5
 Yara's Violent Unravell  Hex/Tmut       0%         3d3       100%        5
 Dispersal                Tloc           0%         N/A       100%        6
 Iron Shot                Conj/Erth      0%         9d1       100%        6
 Orb of Destruction       Conj           0%         9d5       100%        7
 Spellforged Servitor     Conj/Summ      0%         N/A       100%        7
 Storm Form               Tmut/Air       0%         N/A       100%        7
 Borgnjor's Revivificati  Necr           0%         N/A       100%        8
 Disjunction              Tloc           0%         N/A       100%        8
 Maxwell's Capacitive Co  Air            0%         ∞         100%        8
 Necromutation            Tmut/Necr      0%         N/A       100%        8
 Death's Door             Necr           0%         N/A       100%        9


Dungeon Overview and Level Annotations

Branches:
Dungeon (15/15)            Temple (0/1) D:6            Lair (5/6) D:8
  Swamp (4/4) Lair:2       Spider (4/4) Lair:4        Slime (1/5) Lair:5
    Orc (2/2) D:12            Elf (2/3) Orc:2        Vaults (0/5) D:13
 Depths (0/4) D:15

Altars:
Elyvilon
Kikubaaqudgha
Makhleb
Nemelex Xobeh
Sif Muna
Trog
Uskayaw
Wu Jian
Zin
The Shining One
Beogh
Jiyva

Shops:
D:2 *   D:3 (   D:6 **   D:9 :   D:10 *   D:14 !*[*   Orc:2 ((:=

Annotations:
D:8 1 runed translucent door
Lair:2 3 runed translucent doors, Sobieck's ghost, journeyman DgFE
Lair:3 2 transporters
Lair:4 2 runed translucent doors, frimble's ghost, journeyman GnWr
Swamp:1 exclusion: 2 ice statues, Roxanne
Spider:1 3 runed translucent doors, Gelos's ghost, adept VSBe; Pooter's ghost, adept MiBe


Message History

Your orc priest dies!
Found a scale mail.
The deep elf knight barely misses you.
The deep elf knight gestures at you while chanting.
The shard of ice misses the deep elf knight.
The shard of ice hits you!! You block the deep elf knight's attack.
The deep elf knight shoots an arrow.
You reflect the arrow off an invisible shield around you!
The arrow hits the deep elf knight!!
You barely miss the deep elf knight.
The deep elf knight points at you and mumbles some strange words.
The lance of force hits you!
You are knocked back by the lance of force.
You collide with your orc warrior!
Your orc warrior is lightly wounded.
The deep elf knight blocks your attack.
The deep elf knight mumbles some strange words.
The deep elf knight seems to speed up.
You barely miss the deep elf knight. You slice the fire elemental!!
You freeze the fire elemental! The fire elemental hits you.
The fire elemental burns you! You resist.
The deep elf knight hits you with a +0 short sword.
The deep elf knight mumbles some strange words.
The deep elf knight flickers and vanishes for a moment.
The deep elf archer shoots an arrow.
The arrow hits your orc warrior!!
You slice the deep elf knight!! You freeze the deep elf knight!
The deep elf knight is almost dead.
You slice the fire elemental!! You freeze the fire elemental.
You destroy the fire elemental!
Beogh accepts your kill.
The deep elf knight casts a spell at you.
The shard of ice hits you!!
* * * LOW HITPOINT WARNING * * *
You block the deep elf knight's attack.
The deep elf knight gestures at you while chanting.
The lance of force hits you!!
* * * LOW HITPOINT WARNING * * *
You are knocked back by the lance of force.
You collide with your orc warrior!
Your orc warrior dies!
You die...

###.##.######.#
#.............#
#..#......###.#
#####..####...# ########
#..##..# #...# [....
#..##..# #...# ......
.......####...####......
##.###......).)o........
............e..)@.e.....
...............oe.°.....
...)..###.#...#.##e°....
..)...# #.#...#.# #.....
......# #.#...#.# #...#
......# #.#...#.### #.#.
#...#####.........# ...
##.#.###..)...#.#.# .##
#.#.#.##.#......#.##...


You could see a deep elf archer (repels missiles), 3 deep elf knights, a
friendly orc priest and a friendly orc.

Vanquished Creatures
  Bai Suzhen (Swamp:4)
  Jorgrun (D:12)
  A thorn hunter (Swamp:2)
  7 emperor scorpions
  2 ghost moths (Spider:4)
  Aizul (Swamp:1)
  2 broodmothers (Spider:3)
  3 eleionomae
  A deep elf annihilator (Elf:1)
  A deep elf demonologist (Elf:1)
  Azrael (D:13)
  3 bunyips (Swamp:3)
  A deep elf death mage (Elf:1)
  A yaktaur captain (D:13)
  Harold (Lair:2)
  4 boulder beetles
  9 hydras
  A catoblepas (Lair:2)
  A jorogumo (Spider:4)
  2 ghost crabs
  3 centaur warriors
  An ogre mage (D:15)
  2 radroaches
  A death yak (Lair:2)
  7 two-headed ogres
  6 dancing weapons
  4 alligators
  An orc high priest (Orc:2)
  2 deep troll earth magi (Elf:1)
  Urug (D:11)
  Amaemon (D:9)
  11 deep elf knights
  Lodul (D:10)
  3 skeletal warriors
  4 sun moths
  A pharaoh ant (Spider:3)
  4 steelbarb worms
  4 deep trolls (Elf:1)
  7 swamp dragons
  6 orb spiders
  4 spriggan druids
  4 deep elf archers
  3 bog bodies
  2 wizards (D:11)
  2 lindwurms (Lair:2)
  4 orc knights
  Pikel (D:9)
  A phantasmal warrior (D:15)
  18 deep elf pyromancers
  An ugly thing (D:13)
  9 deep elf zephyrmancers
  4 cyclopes
  8 wolf spiders
  2 will-o-the-wisps
  3 orc sorcerers (Orc:2)
  3 black mambas
  2 moths of wrath
  6 manticores
  Maurice (D:9)
  Joseph (D:9)
  4 torpor snails
  5 cane toads
  Psyche (D:9)
  An orange demon (D:9)
  A rime drake (Lair:4)
  2 unseen horrors
  4 yaktaurs
  An efreet (D:14)
  5 demonic crawlers
  9 komodo dragons
  5 kobold demonologists
  A freezing wraith (D:12)
  3 tengu conjurers
  9 trolls
  13 tarantellas
  A bloated husk (Swamp:1)
  3 meliai (D:14)
  4 tyrant leeches
  A queen bee (Lair:1)
  Prince Ribbit (D:6)
  6 hornets
  Grinder (D:5)
  8 slime creatures
  2 dream sheep (Lair:4)
  13 jumping spiders
  An ettin skeleton (D:15)
  2 air elementals (Elf:1)
  2 vampires (D:12)
  5 spriggans
  6 wraiths
  30 yaks
  12 culicivoras
  4 wyverns
  3 fire bats (Lair:4)
  4 basilisks
  5 fire elementals
  Grum (D:9)
  A steam dragon (D:9)
  28 redbacks
  11 vampire mosquitoes
  8 swamp worms
  3 wargs (D:8)
  4 acid dragons
  7 water moccasins
  Duvessa (D:6)
  3 orc warriors
  2 hell hounds (D:13)
  5 swamp drakes
  An ice beast (D:5)
  9 ogres
  A sky beast (D:6)
  4 black bears
  A boggart (shapeshifter) (Spider:4)
  10 wolves
  7 centaurs
  A lemure (D:9)
  A kobold brigand (D:8)
  11 bullfrogs
  A gnoll sergeant (D:8)
  A necrophage (D:6)
  3 earth elementals
  A scorpion (D:5)
  Dowan (D:6)
  32 killer bees
  3 howler monkeys
  3 electric eels
  A vampire bat (Lair:5)
  4 hounds
  7 jellies
  13 orc priests
  5 hell rats (Lair:5)
  4 iguanas
  11 orc wizards
  7 gnolls
  4 adders
  A shadow imp (D:6)
  4 white imps
  2 worms
  A dart slug (D:2)
  34 orcs
  9 ball pythons
  10 bats
  8 endoplasms
  2 giant cockroaches
  5 goblins
  8 hobgoblins
  11 jackals
  15 kobolds
  2 quokkas (D:1)
  9 frilled lizards
  4 rats
  7 briar patches
724 creatures vanquished.

Vanquished Creatures (collateral kills)
  the Lernaean hydra (Swamp:4)
  Arachne (Spider:4)
  A thorn hunter (Swamp:3)
  2 orc warlords (Swamp:4)
  3 emperor scorpions
  A deep elf sorcerer (D:11)
  A broodmother (Spider:4)
  2 eleionomae
  A deep elf annihilator (D:11)
  2 entropy weavers (Spider:3)
  2 spark wasps (Spider:4)
  A bunyip (Swamp:3)
  Snorg (D:14)
  Josephine (D:12)
  A shambling mangrove (D:15)
  A fire dragon (D:15)
  2 jorogumos
  3 boulder beetles
  18 hydras
  2 spriggan skeletons (D:15)
  4 two-headed ogres
  A radroach (Spider:3)
  7 alligators
  An orc high priest (Orc:2)
  Sonja (Orc:1)
  4 goliath frogs
  4 skeletal warriors
  A fire crab (shapeshifter) (D:15)
  4 pharaoh ants
  8 swamp dragons
  2 orb spiders
  2 spriggan druids
  6 steelbarb worms
  A bog body (Swamp:1)
  3 deep elf pyromancers
  A necromancer (D:15)
  2 deep elf zephyrmancers (D:11)
  3 ugly things
  5 wolf spiders
  A will-o-the-wisp (Swamp:4)
  An orc sorcerer (Orc:1)
  5 cyclopes
  A black mamba (Lair:5)
  A torpor snail (Spider:3)
  2 gargoyles (D:12)
  A cane toad (Lair:4)
  2 kobold demonologists
  A komodo dragon (Lair:3)
  2 yaktaurs
  A demonic crawler (Spider:2)
  A tengu conjurer (D:11)
  4 trolls
  5 hornets
  7 slime creatures (D:12)
  7 tarantellas
  2 dream sheep (Lair:4)
  8 tyrant leeches
  4 culicivoras
  11 jumping spiders
  8 spriggans
  A wraith (D:11)
  A fire bat (Lair:4)
  4 yaks
  14 redbacks
  A basilisk (Lair:4)
  2 vampire mosquitoes
  6 swamp worms
  A warg (D:14)
  An acid dragon (D:12)
  7 water moccasins
  A human skeleton (D:15)
  2 swamp drakes
  4 orc warriors
  A wolf (Lair:4)
  2 ogres
  A centaur (D:12)
  A bullfrog (Lair:5)
  3 killer bees (Lair:1)
  A howler monkey (D:12)
  2 electric eels (Lair:5)
  An orc priest (Orc:1)
  A jelly (Lair:5)
  5 orc wizards
  2 hell rats (Lair:5)
  12 orcs
  An endoplasm (Lair:5)
  3 bats (Lair:5)
  6 briar patches
  A bush (Lair:5)
  A fire vortex (D:12)
271 creatures vanquished.

Vanquished Creatures (others)
  Nergalle (Swamp:4)
  4 orc knights
  2 orc high priests
  A deep elf knight (Elf:1)
  An orc sorcerer (Orc:2)
  13 orc warriors
  A spriggan (Swamp:1)
  A vampire (D:12)
  A redback (Spider:4)
  9 orc priests
  8 orc wizards
  23 orcs
  8 foxfires
  20 fungi
  28 plants
  2 withered plants (D:15)
123 creatures vanquished.

Grand Total: 1118 creatures vanquished

Notes
Turn   | Place    | Note
-------+----------+-------------------------------------------
     0 | D:1      | NateTC the Hill Orc Fighter began the quest for the Orb.
     0 | D:1      | Reached XP level 1. HP: 19/19 MP: 1/1
    22 | D:1      | Reached skill level 4 in Fighting
   268 | D:1      | Reached XP level 2. HP: 27/27 MP: 2/2
   773 | D:1      | Reached skill level 5 in Fighting
   773 | D:1      | Reached XP level 3. HP: 32/36 MP: 3/3
  1114 | D:1      | Found a faded altar of an unknown god.
  1459 | D:2      | Found a white marble altar of Elyvilon.
  1963 | D:2      | Reached XP level 4. HP: 44/44 MP: 4/4
  1996 | D:2      | Found Azeuc's General Store.
  2163 | D:3      | Reached skill level 6 in Fighting
  2186 | D:3      | Found Uwnuih's Weapon Boutique.
  2804 | D:2      | Bought a +0 chain mail for 54 gold pieces
  2910 | D:4      | Reached XP level 5. HP: 40/51 MP: 5/5
  2918 | D:4      | Reached skill level 7 in Fighting
  3015 | D:4      | Found a hide-covered altar of Uskayaw.
  3135 | D:4      | Reached XP level 6. HP: 56/60 MP: 6/6
  3138 | D:4      | Reached skill level 5 in Axes
  3243 | D:4      | Found an ornate altar of the Wu Jian Council.
  3458 | D:5      | Entered Level 5 of the Dungeon
  3499 | D:5      | Noticed Grinder
  3512 | D:5      | Killed Grinder
  3513 | D:5      | Reached XP level 7. HP: 66/66 MP: 7/7
  3627 | D:5      | Reached XP level 8. HP: 73/73 MP: 8/8
  3627 | D:5      | Became a worshipper of Beogh the Brigand
  4089 | D:6      | Reached skill level 5 in Armour
  4089 | D:6      | Reached skill level 5 in Shields
  4230 | D:6      | Found Oriuwugg's Specific Store.
  4231 | D:6      | Found Geggow's General Store.
  4709 | D:6      | Found a staircase to the Ecumenical Temple.
  4762 | D:6      | Found an ancient bone altar of Kikubaaqudgha.
  5139 | D:6      | Noticed Dowan
  5146 | D:6      | Killed Dowan
  5230 | D:6      | Noticed Duvessa
  5237 | D:6      | Killed Duvessa
  5238 | D:6      | Reached XP level 9. HP: 72/79 MP: 6/9
  5314 | D:6      | Noticed Prince Ribbit
  5382 | D:6      | Killed Prince Ribbit
  5730 | D:7      | Reached * piety under Beogh
  5737 | D:7      | Reached skill level 10 in Axes
  5971 | D:7      | Found a bloodstained altar of Trog.
  6064 | D:7      | Noticed a hornet
  6068 | D:7      | Paralysed by a hornet for 2 turns
  6071 | D:7      | Killed a hornet
  7088 | D:8      | Found a staircase to the Lair.
  7105 | D:8      | Reached XP level 10. HP: 23/86 MP: 3/10
  7108 | D:8      | Reached ** piety under Beogh
  7703 | D:8      | Found a glowing silver altar of Zin.
  8053 | D:8      | Noticed a tengu warrior
  8053 | D:8      | Noticed a manticore
  8053 | D:8      | Noticed a boulder beetle
  8054 | D:8      | Found a runed translucent door.
  8056 | D:8      | Noticed a death knight
  8056 | D:8      | Noticed a boulder beetle
  8056 | D:8      | Noticed a deep elf pyromancer
  8056 | D:8      | Noticed a cyclops
  8337 | D:9      | Noticed Maurice
  8366 | D:9      | Reached *** piety under Beogh
  8367 | D:9      | Reached skill level 8 in Fighting
  8368 | D:9      | Killed Maurice
  8406 | D:9      | Noticed Pikel
  8412 | D:9      | Killed Pikel
  8413 | D:9      | Reached skill level 9 in Fighting
  8699 | D:9      | Noticed Joseph
  8711 | D:9      | Killed Joseph
  8712 | D:9      | Reached skill level 10 in Fighting
  8872 | D:9      | Found Tedgh's Book Shoppe.
  8977 | D:9      | Noticed Amaemon
  8978 | D:9      | Noticed an orange demon
  8985 | D:9      | Killed Amaemon
  8986 | D:9      | Killed an orange demon
  8987 | D:9      | Reached skill level 11 in Fighting
  8987 | D:9      | Reached skill level 1 in Evocations
  8987 | D:9      | Reached XP level 11. HP: 68/102 MP: 6/11
  9078 | D:9      | Paralysed by a hornet for 3 turns
  9089 | D:9      | Found a sparkling altar of Nemelex Xobeh.
  9241 | D:9      | Noticed Grum
  9249 | D:9      | Killed Grum
  9356 | D:9      | Found a burning altar of Makhleb.
  9589 | D:9      | Noticed Psyche
  9599 | D:9      | Killed Psyche
  9992 | D:2      | Bought a ring of flight for 210 gold pieces
 10154 | Lair:1   | Entered Level 1 of the Lair of Beasts
 10258 | D:10     | Entered Level 10 of the Dungeon
 10571 | D:10     | Noticed a soul eater
 10574 | D:10     | Reached skill level 5 in Evocations
 10588 | D:10     | Noticed Lodul
 10633 | D:10     | Killed Lodul
 11345 | D:10     | Found Dustrolienk's Assorted Antiques.
 11830 | D:11     | Noticed a deep elf pyromancer
 11834 | D:11     | Killed a deep elf pyromancer
 11903 | D:11     | Noticed a wizard
 11911 | D:11     | Killed a wizard
 11912 | D:11     | Reached skill level 10 in Armour
 11917 | D:11     | Noticed a deep elf pyromancer
 12144 | Lair:1   | Reached XP level 12. HP: 102/110 MP: 10/12
 12221 | Lair:1   | Reached **** piety under Beogh
 13007 | Lair:2   | Noticed Harold
 13026 | Lair:2   | Killed Harold
 13038 | Lair:2   | Found a runed translucent gate.
 13039 | Lair:2   | Found a runed translucent gate.
 13040 | Lair:2   | Noticed a death yak
 13041 | Lair:2   | Found a runed translucent gate.
 13042 | Lair:2   | Noticed a five-headed hydra
 13042 | Lair:2   | Noticed Sobieck's ghost (journeyman DgFE)
 13454 | Lair:2   | Noticed a catoblepas
 13463 | Lair:2   | Killed a catoblepas
 13715 | Lair:2   | Found a staircase to the Swamp.
 13736 | Lair:2   | Reached ***** piety under Beogh
 14036 | Lair:3   | Found a transporter.
 14060 | Lair:3   | Reached skill level 1 in Invocations
 14064 | Lair:3   | Found a transporter.
 14265 | Lair:3   | Noticed an eight-headed hydra
 14274 | Lair:3   | Killed an eight-headed hydra
 14548 | Lair:3   | Reached XP level 13. HP: 116/116 MP: 15/15
 15334 | Lair:4   | Gained Gorm as an ally
 15335 | Lair:4   | Reached skill level 5 in Invocations
 15644 | Lair:4   | Found a hole to the Spider Nest.
 15682 | Lair:4   | Found a large runed translucent door.
 15682 | Lair:4   | Found a large runed translucent door.
 15686 | Lair:4   | Noticed frimble's ghost (journeyman GnWr)
 16319 | Lair:5   | Found a runed translucent door.
 16777 | Lair:5   | Reached skill level 10 in Shields
 17024 | Lair:5   | Found a viscous altar of Jiyva.
 17024 | Lair:5   | Found a staircase to the Slime Pits.
 17083 | Swamp:1  | Entered Level 1 of the Swamp
 17106 | Lair:2   | Reached skill level 15 in Axes
 17113 | Lair:2   | Your ally Gorm died
 17889 | Spider:1 | Entered Level 1 of the Spider Nest
 18072 | Spider:1 | Noticed an emperor scorpion
 18101 | Spider:1 | Killed an emperor scorpion
 18394 | Spider:1 | Gained Alork as an ally
 18519 | Slime:1  | Entered Level 1 of the Pits of Slime
 19347 | Spider:1 | Reached XP level 14. HP: 105/124 MP: 16/19
 19530 | Spider:1 | Reached skill level 1 in Throwing
 19815 | Spider:1 | You fall into a shaft and drop 1 floor!
 19928 | Spider:2 | Reached skill level 10 in Evocations
 20066 | Spider:2 | Noticed an emperor scorpion
 20081 | Spider:2 | Killed an emperor scorpion
 20349 | Spider:2 | Reached ****** piety under Beogh
 20593 | Spider:1 | Found a runed translucent gate.
 20593 | Spider:1 | Found a runed translucent gate.
 20593 | Spider:1 | Found a runed translucent gate.
 20593 | Spider:1 | Noticed Gelos's ghost (adept VSBe)
 20594 | Spider:1 | Noticed Pooter's ghost (adept MiBe)
 21892 | D:11     | Noticed Urug
 21899 | D:11     | Killed Urug
 22068 | D:11     | Identified the +11 quarterstaff of the Invisible Souls
                  | {flame, Fly rPois Will- Dex+7}
 22260 | D:11     | Identified the +1 ring mail "Zit Jera" {+Blink rPois rC+++
                  | Str-2}
 22267 | D:11     | Identified the ring of Sesouhu {rPois rF+ Str+4 SInv}
 22276 | D:11     | Found a shimmering blue altar of Sif Muna.
 22550 | D:11     | Noticed a deep elf annihilator
 22551 | D:11     | Noticed a deep elf sorcerer
 22558 | D:11     | Killed a deep elf sorcerer
 22568 | D:11     | Killed a deep elf annihilator
 22930 | D:11     | Got the Disquisition on the Cloudy Compass
 22945 | D:11     | Got the Guide on Unstable Combat Magic
 22947 | D:11     | Got Xirouf's Guide on Poisoning and Translocation
 23055 | D:11     | Got the Incunabulum of Transmutation
 23066 | D:11     | Got the Almanac of Attacks
 23415 | D:12     | Noticed Nergalle
 23488 | D:12     | Noticed Jorgrun
 23496 | D:12     | Killed Jorgrun
 24018 | D:12     | Reached XP level 15. HP: 79/129 MP: 14/20
 24280 | D:12     | Identified the +10 falchion "Luilodd" {flame, Str+4}
 24318 | D:12     | Identified the ring "Umejepo" {Fire Drain Int+7 Stlth+}
 24447 | D:12     | Noticed Josephine
 24466 | D:12     | Killed Josephine
 24608 | D:12     | Identified the ring of Xom's Full Attention {rPois Will++
                  | Str-4}
 25024 | D:12     | Found a staircase to the Orcish Mines.
 25294 | D:12     | Found a roughly hewn altar of Beogh.
 25297 | D:12     | Gained Boldo as an ally
 25588 | Orc:1    | Entered Level 1 of the Orcish Mines
 25595 | Orc:1    | Noticed Sonja
 25598 | Orc:1    | Killed Sonja
 25927 | Orc:1    | Found a roughly hewn altar of Beogh.
 25996 | Orc:2    | Entered Level 2 of the Orcish Mines
 26177 | Orc:2    | Gained Thorok as an ally
 26192 | Orc:2    | Your ally Thorok died
 26459 | Orc:2    | Found Hafaep's Antique Weapon Shoppe.
 26459 | Orc:2    | Found Zeanopnul's Jewellery Boutique.
 26461 | Orc:2    | Found Puseop's Weapon Shoppe.
 26461 | Orc:2    | Found Juratt's Book Boutique.
 26473 | Orc:2    | Bought an amulet of reflection for 300 gold pieces
 26811 | Orc:2    | Found a staircase to the Elven Halls.
 27052 | D:13     | Found a gate to the Vaults.
 27158 | D:13     | Noticed Azrael
 27174 | D:13     | Killed Azrael
 27968 | D:14     | Found Kothren's Antique Armour Shoppe.
 27979 | D:14     | Bought a warped kite shield for 294 gold pieces
 27979 | D:14     | Identified the +2 kite shield "Noatieti" {Str+7} (You
                  | bought it in a shop on level 14 of the Dungeon)
 27979 | D:14     | Bought a pair of glowing gloves for 232 gold pieces
 28030 | D:14     | Noticed Snorg
 28040 | D:14     | Killed Snorg
 28124 | D:14     | Found Odiamanu's General Store.
 28210 | D:14     | Found Zoseemal's Assorted Antiques.
 28214 | D:14     | Reached skill level 12 in Fighting
 28218 | D:14     | Bought a long silver wand for 76 gold pieces
 28218 | D:14     | Bought a box of beasts for 760 gold pieces
 28218 | D:14     | Bought a transparent arbalest for 180 gold pieces
 28218 | D:14     | Identified the +9 arbalest of Qeolepu {elec, +Blink} (You
                  | bought it in a shop on level 14 of the Dungeon)
 28287 | D:14     | Gained Bogric as an ally
 28430 | D:14     | Found Sinkos's Distillery.
 28437 | D:14     | Bought a potion of heal wounds for 80 gold pieces
 28437 | D:14     | Bought a potion of might for 64 gold pieces
 28437 | D:14     | Bought a potion of curing for 48 gold pieces
 28693 | D:15     | Entered Level 15 of the Dungeon
 28712 | D:15     | Your ally Boldo died
 28967 | D:15     | Found a staircase to the Depths.
 28987 | D:15     | Reached XP level 16. HP: 141/141 MP: 23/23
 29007 | D:15     | Reached skill level 10 in Invocations
 29012 | D:15     | Reached skill level 13 in Fighting
 29413 | D:15     | Found the +1 robe of Vines {NoPotionHeal Regen++++}
 29452 | D:15     | Found a white marble altar of Elyvilon.
 29452 | D:15     | Found a glowing golden altar of the Shining One.
 29453 | D:15     | Found a glowing silver altar of Zin.
 30470 | Spider:3 | Identified the +9 long sword of the Feral God {flame, rN+
                  | Dex+6}
 30674 | Spider:3 | Reached skill level 14 in Fighting
 31550 | Spider:3 | Reached skill level 15 in Fighting
 32009 | Spider:4 | Entered Level 4 of the Spider Nest
 32437 | Spider:4 | Noticed Arachne
 32446 | Spider:4 | Killed Arachne
 32463 | Spider:4 | Gained Borgun as an ally
 32475 | Spider:4 | Reached skill level 16 in Fighting
 32514 | Spider:4 | Your ally Bogric died
 33017 | Spider:4 | Reached skill level 17 in Fighting
 33255 | Spider:4 | Reached XP level 17. HP: 137/161 MP: 7/25
 33379 | Spider:4 | Got a gossamer rune of Zot
 34047 | Lair:2   | Reached skill level 18 in Fighting
 34058 | Swamp:1  | Noticed Aizul
 34068 | Swamp:1  | Killed Aizul
 34079 | Lair:2   | Upgraded the game from 0.29-a0-477-g62b78b4225 to
                  | 0.29-a0-483-g69413ace17
 34841 | Swamp:1  | Identified Roxanne's Catalogue of Stones
 34841 | Swamp:1  | Noticed Roxanne
 35037 | Swamp:2  | Reached skill level 19 in Fighting
 36452 | Swamp:3  | Reached skill level 20 in Fighting
 37017 | Swamp:4  | Entered Level 4 of the Swamp
 37050 | Swamp:4  | Reached skill level 15 in Armour
 37329 | Swamp:4  | Noticed Bai Suzhen
 37340 | Swamp:4  | Killed Bai Suzhen
 37774 | Swamp:4  | Noticed the 27-headed Lernaean hydra
 37785 | Swamp:4  | Killed the 27-headed Lernaean hydra
 37786 | Swamp:4  | Reached XP level 18. HP: 133/178 MP: 26/26
 37803 | Swamp:4  | Your ally Borgun died
 37804 | Swamp:4  | Your ally Alork died
 37838 | Swamp:4  | Your ally Nergalle died
 38021 | Swamp:4  | Got a decaying rune of Zot
 38391 | Elf:1    | Entered Level 1 of the Elven Halls
 38508 | Elf:1    | Paralysed by an air elemental for 1 turns
 38516 | Elf:1    | Paralysed by an air elemental for 1 turns
 39405 | Elf:1    | Reached skill level 15 in Shields
 39745 | Elf:1    | Got the Compendium of Confrontation
 39746 | Elf:1    | Identified the +6 chain mail "Qitixy" {MP+9 Str+3 Int+2}
 40034 | Elf:1    | Paralysed by an air elemental for 1 turns
 40037 | Elf:1    | Paralysed by an air elemental for 1 turns
 40716 | Elf:2    | Got the Volume of the Birds and Snow
 40758 | Elf:2    | Collided with an orc warrior

Illustrated notes

Levels and vault maps discovered:
D:1:      lightli_arrival_maybe_door_vault, layout_basic, serial_forest,
          infiniplex_forest_straight_5, infiniplex_forest_clump_small,
          infiniplex_forest_zigzag_2, infiniplex_forest_clump_tiny,
          infiniplex_forest_clump_C, shapermc_ecumenical_altar_acropolis,
          chequers_big_river
D:2:      layout_basic, basic_altar, serial_shops, shop
D:3:      layout_basic, serial_bayou, serial_bayou_pond_b,
          serial_bayou_lagoon_a, serial_bayou_pond_e, serial_bayou_crossing,
          serial_shops, shop
D:4:      layout_rooms, nicolae_uskayaw_murder_on_the_dancefloor,
          nicolae_wu_jian_immortal_techniques, minmay_misc_feat_five
D:5:      layout_loops_cross, uniq_grinder
D:6:      layout_basic, nicolae_overflow_crystal_walls,
          minmay_temple_entry_poolview, nicolae_specific_store,
          grunt_ministairs_8, uniq_duvessa, uniq_prince_ribbit1
D:7:      layout_cave_pods, mainiacjoe_overflow_alcove_4, serial_column_ruins,
          column_ruins_open_small, column_ruins_columns_straight,
          column_ruins_open_small, column_ruins_open_tiny,
          chequers_serial_rivers_small_b, grunt_decor_clamped
D:8:      minmay_gate_of_8, layout_cave_pods, lemuel_crystal_altar,
          erik_lair_orcish_takeover
D:9:      layout_basic, mainiacjoe_overflow_surrounded_room, kennysheep_mini,
          serial_shops, nicolae_shop_stone, uniq_joseph, uniq_grum,
          uniq_maurice, uniq_amaemon, uniq_psyche, uniq_pikel
D:10:     layout_small_grid, serial_shops, nicolae_shop_overgrown_old_shop,
          uniq_lodul
D:11:     evilmike_library_of_no_secrets, layout_grid_maze, uniq_urug
D:12:     minmay_spiral_squares, layout_stronghold,
          minmay_orc_entry_temple_small, kennysheep_opposing_triangles,
          uniq_nergalle, uniq_jorgrun, uniq_josephine
D:13:     layout_loops_cross, david_vaults_2, uniq_azrael
D:14:     layout_cave_pools, serial_shops, shop,
          nicolae_shop_competitors_out_of_business, nicolae_square_shop, shop,
          uniq_snorg
D:15:     gammafunk_depths_entry_grave, layout_cave_pools, good_gods_temple_1,
          glass_columns_b, hellmonk_guarded_unrand_vines
Lair:1:   layout_long_grid, special_room [special_room_bee],
          dreamdust_mushroom_princess, fungi_pond_lemuel
Lair:2:   layout_gridlike, minmay_swamp_entry_swarm, gammafunk_ghost_split,
          nicolae_lair_lindhole, uniq_harold
Lair:3:   gammafunk_worm_tunnel, layout_layer_cave
Lair:4:   layout_gridlike, hellmonk_spider_entry_life_and_decay,
          ebering_ghost_disaster_area
Lair:5:   layout_gridlike, slime_altar_2, roderic_batcave
Swamp:1:  layout_basic_swamp, portal_ice_cave_entry_ice_statue_two,
          evilmike_swamp_ruin_rubble_1, uniq_roxanne, uniq_aizul
Swamp:2:  layout_basic_swamp, evilmike_swamp_ruin_house_6,
          infiniplex_staircase_pool
Swamp:3:  layout_basic_swamp, hangedman_swamp_ruin_wall
Swamp:4:  swamp_old_school, layout_basic_swamp, swamp_pool1, uniq_bai_suzhen
Spider:1: layout_cave_pods, gammafunk_ghost_cemetery
Spider:2: layout_spider_delve
Spider:3: layout_chambers, nicolae_spider_shape
Spider:4: guppyfry_spider_rune, hellmonk_deceptive_appearances, uniq_arachne
Slime:1:  layout_caves
Orc:1:    layout_caves, minmay_orc_temple_a, uniq_sonja
Orc:2:    grunt_orc_tribal_feast, layout_diamond_mine
Elf:1:    layout_geoelf_diagonals, minmay_elf_annihilation,
          nicolae_elf_deep_friendship
Elf:2:    elven_hall_of_blades_hangedman_alternative
          [nicolae_blade_entry_splitting_headache], layout_loops_cross,
          uniq_zenata

Skill      XL: |  1  2  3  4  5  6  7  8  9 10 11 12 13 14 15 16 17 18 |
---------------+-------------------------------------------------------+-----
Fighting       | 4 5 6 7 11 12 17 20 | 20.0
Axes           | 4 8 9 13 14 15 18 | 18.0
Armour         | 6 7 10 14 16 18 | 18.0
Shields        | 6 7 10 11 14 15 | 15.5
Evocations     | 1 7 9 10 | 10.7
Invocations    | 3 7 9 11 | 11.7
Throwing       | 3 |  3.2

Action                   |  1- 3 |  4- 6 |  7- 9 | 10-12 | 13-15 | 16-18 || total
-------------------------+-------+-------+-------+-------+-------+-------++-------
Melee: War axe           |   101 |    79 |   148 |   271 |   182 |       ||   781
       Broad axe         |       |       |       |    63 |   606 |   643 ||  1312
       Flail             |       |       |       |     6 |    23 |       ||    29
       Morningstar       |       |       |       |       |     9 |   103 ||   112
Invok: Convert to Beogh  |       |       |     1 |       |       |       ||     1
       Recall Orcish Fol |       |       |       |       |    10 |    14 ||    24
       Give Item to Name |       |       |       |       |     3 |     1 ||     4
       Smiting           |       |       |       |       |     1 |     5 ||     6
       Stop Recall       |       |       |       |       |     1 |     2 ||     3
Evoke: Wand              |       |       |       |     2 |     1 |     4 ||     7
       Condenser vane    |       |       |       |     1 |     1 |     2 ||     4
       Phantom mirror    |       |       |       |       |     1 |     1 ||     2
       Lightning rod     |       |       |       |       |     1 |       ||     1
       Phial of floods   |       |       |       |       |     1 |       ||     1
  Use: Scroll            |     2 |     4 |    14 |     8 |    12 |     3 ||    43
       Potion            |       |     1 |       |     7 |     3 |     3 ||    14
 Stab: Distracted        |       |       |     3 |     6 |    12 |     5 ||    26
Armor: Scale mail        |    58 |    18 |       |       |       |       ||    76
       Chain mail        |       |    22 |    26 |       |       |       ||    48
       Plate armour      |       |       |    59 |   228 |   618 |   462 ||  1367
Dodge: Dodged            |    38 |    26 |    41 |    78 |   223 |   188 ||   594
Block: Buckler           |    27 |    12 |    32 |     6 |       |       ||    77
       Kite shield       |       |       |       |   165 |   534 |   722 ||  1421
       Reflection        |       |       |       |       |     9 |    30 ||    39

Table legend: (Time is in decaauts)
 A = Elapsed time spent in this place.
 B = Non-inter-level travel time spent in this place.
 C = Inter-level travel time spent in this place.
 D = Time resting spent in this place.
 E = Time spent auto-exploring this place.
 F = Levels seen in this place.
 G = Mean time per level.
                   A        B        C        D        E       F      G
               +--------+--------+--------+--------+--------+-----+--------+
         Total |  40647 |  37756 |   2891 |  12845 |  11504 |  33 | 1231.7 |
       Dungeon |  18961 |  17593 |   1368 |   4874 |   6288 |  15 | 1264.1 |
          Lair |   7235 |   6389 |    846 |   2136 |   2243 |   5 | 1447.0 |
         Swamp |   3783 |   3545 |    238 |   1730 |    574 |   4 |  945.8 |
   Spider Nest |   6967 |   6715 |    252 |   2835 |   1579 |   4 | 1741.8 |
    Slime Pits |      8 |      8 |      0 |      0 |      0 |   1 |    8.0 |
  Orcish Mines |   1717 |   1567 |    150 |    573 |    568 |   2 |  858.5 |
   Elven Halls |   1973 |   1939 |     34 |    697 |    252 |   2 |  986.5 |
               +--------+--------+--------+--------+--------+-----+--------+

Top non-repeatable levels by time:
    D:11: 2224 daAuts
    D:12: 2221 daAuts
Spider:1: 2013 daAuts
  Lair:2: 1930 daAuts
Spider:4: 1875 daAuts
Spider:3: 1815 daAuts
     D:9: 1797 daAuts
     D:6: 1724 daAuts
   Elf:1: 1706 daAuts
  Lair:3: 1597 daAuts
  Lair:4: 1512 daAuts
     D:1: 1497 daAuts
     D:8: 1490 daAuts
    D:10: 1358 daAuts
   Orc:2: 1304 daAuts
